 Dungeon Crawl Stone Soup version 0.25-a0-578-gc91f01c39c (webtiles) character file.

Game seed: 2100783863374044663, levelgen mode: deterministic

61464 Kohma the Thaumaturge (level 15, -7/117 HPs)
             Began as a Gnoll Skald on Mar 4, 2020.
             Was an Initiate of Gozag.
             Killed by divine providence
             ... invoked by an orc priest
             ... led by an orc knight
              (13 damage)
             ... on level 1 of the Orcish Mines.
             The game lasted 01:37:21 (26349 turns).

Kohma the Thaumaturge (Gnoll Skald)                Turns: 26349, Time: 01:37:22

Health: -7/117     AC: 22    Str: 16      XL:     15   Next: 3%
Magic:  3/29       EV: 15    Int: 11 (22) God:    Gozag
Gold:   558        SH:  0    Dex: 15      Spells: 2/35 levels left

rFire    . . .     SeeInvis .   a - +9 staff of Olgreb {rPois∞}
rCold    + . .     Gourm    .   (no shield)
rNeg     . . .     Faith    .   Y - +4 scale mail {rC+}
rPois    ∞         Spirit   .   K - +0 helmet
rElec    .         Reflect  .   G - scarf {repulsion}
rCorr    .         Harm     .   F - +2 pair of gloves
MR       +++..                  T - +1 pair of boots {run}
Stlth    +++.......             f - amulet of regeneration
HPRegen  0.69/turn              O - ring of the Duke {Wiz *Drain +Blink MR++ Str+3}
MPRegen  0.21/turn              D - +3 ring of protection

@: hasted, studying 2 skills, lightly drained, repel missiles, very quick
A: distributed training, fangs 1, strong nose
a: Potion Petition, Call Merchant, Bribe Branch, Renounce Religion, Evoke Blink


You were on level 1 of the Orcish Mines.
You worshipped Gozag.
Gozag was pleased with you.
You were near starving.

You visited 5 branches of the dungeon, and saw 22 of its levels.
You visited 1 bazaar.
You also visited: Volcano.

You collected 5970 gold pieces.
You spent 5328 gold pieces at shops.
You paid 84 gold pieces to Gozag.

Inventory:

Hand Weapons
 a - the +9 staff of Olgreb (weapon) {rPois∞}
   (You found it on level 10 of the Dungeon)

   It grants immunity to poison.
 b - a +2 quick blade of flaming
 S - the +6 rapier of the Turnip {flame, rF+++ rC- Dex+5}
   (You bought it in a shop in a bazaar)

   It has been specially enchanted to burn those struck by it, causing extra
   injury to most foes and up to half again as much damage against particularly
   susceptible opponents.
   It affects your dexterity (+5).
   It renders you almost immune to fire.
   It makes you vulnerable to cold.
 X - a +2 broad axe of flaming
Missiles
 r - 3 curare-tipped darts (quivered)
 x - 19 poisoned darts
Armour
 t - the +3 tower shield "Jeuk" {rF+ MP+9 Dex-2 Stlth+}
   (You found it on level 6 of the Lair of Beasts)

   It affects your dexterity (-2).
   It protects you from fire.
   It affects your magic capacity (+9).
   It makes you more stealthy.
 F - a +2 pair of gloves (worn)
 G - a scarf of repulsion (worn)
 K - a +0 helmet (worn)
 M - the +1 pair of gloves "Reseus" {-Cast rElec rC+++ SInv}
   (You found it in a volcano)

   It renders you almost immune to cold.
   It insulates you from electricity.
   It lets you see invisible.
   It prevents spellcasting.
   If you switch to wearing this armour, your AC will decrease by 1 (22 -> 21).
 P - +1 swamp dragon scales
 T - a +1 pair of boots of running (worn)
 Y - a +4 scale mail of cold resistance (worn)
Jewellery
 f - an amulet of regeneration (around neck)
 y - an uncursed ring of protection from fire
 B - an uncursed ring of see invisible
 D - a +3 ring of protection (right hand)
 J - an uncursed ring of flight
 O - the ring of the Duke (left hand) {Wiz *Drain +Blink MR++ Str+3}
   (You bought it in a shop on level 8 of the Dungeon)

   [ring of wizardry]

   It improves your spell success rate.
   It affects your strength (+3).
   It affects your resistance to hostile enchantments.
   It lets you blink.
   It causes draining when unequipped.
 V - an uncursed ring of positive energy
 Z - an uncursed amulet of the acrobat
Wands
 e - a wand of paralysis (13)
 q - a wand of flame (37)
 L - a wand of acid (65)
 R - a wand of polymorph (15)
Scrolls
 c - 3 scrolls of enchant weapon
 k - 13 scrolls of remove curse
 m - a scroll of enchant armour
 p - 8 scrolls of teleportation
 s - a scroll of vulnerability
 v - 3 scrolls of identify
 C - 4 scrolls of fog
 I - 3 scrolls of immolation
Potions
 i - 4 potions of might
 j - 2 potions of stabbing
 l - 2 potions of mutation
 n - 3 potions of flight
 o - 4 potions of resistance
 u - a potion of invisibility
 w - 3 potions of haste
 z - 6 potions of curing
 E - a potion of magic
 N - 3 potions of lignification
 Q - a potion of cancellation
 U - 2 potions of brilliance
Books
 g - a manual of Conjurations
 A - a manual of Evocations
Miscellaneous
 h - a lamp of fire
 H - 2 boxes of beasts
Comestibles
 d - 19 rations


   Skills:
 + Level 10.5(10.2) Fighting
 + Level 9.5(9.2) Short Blades
 + Level 9.5(9.2) Long Blades
 + Level 9.5(9.2) Axes
 + Level 9.5(9.2) Maces & Flails
 + Level 10.5(10.2) Polearms
 + Level 9.5(9.2) Staves
 + Level 9.5(9.2) Slings
 + Level 9.5(9.2) Bows
 + Level 9.5(9.2) Crossbows
 + Level 9.5(9.2) Throwing
 + Level 9.9(9.6) Armour
 + Level 10.5(10.2) Dodging
 + Level 9.5(9.2) Stealth
 + Level 9.5(9.2) Shields
 + Level 9.5(9.2) Unarmed Combat
 + Level 10.7(10.4) Spellcasting
 + Level 8.1(7.8) Conjurations
 + Level 8.0(7.7) Hexes
 + Level 9.7(9.4) Charms
 + Level 8.0(7.7) Summonings
 + Level 8.0(7.7) Necromancy
 + Level 8.0(7.7) Translocations
 + Level 8.0(7.7) Transmutations
 + Level 8.0(7.7) Fire Magic
 + Level 8.0(7.7) Ice Magic
 + Level 8.0(7.7) Air Magic
 + Level 8.0(7.7) Earth Magic
 + Level 8.0(7.7) Poison Magic
 + Level 10.3(10.0) Invocations
 + Level 9.6(9.3) Evocations


You had 2 spell levels left.
You knew the following spells:

 Your Spells              Type           Power        Failure   Level  Hunger
a - Mephitic Cloud        Conj/Pois/Air  ####....     1%          3    ##.....
b - Song of Slaying       Chrm           ####....     1%          2    None
c - Shroud of Golubria    Chrm/Tloc      ###...       1%          2    None
d - Vampiric Draining     Necr           ###.......   1%          3    ##.....
e - Spectral Weapon       Hex/Chrm       ###.....     1%          3    ##.....
f - Ignite Poison         Fire/Tmut/Pois ####....     1%          3    ##.....
g - Agony                 Necr           ###.....     16%         5    #####..
h - Controlled Blink      Tloc           N/A          100%        8    #######
i - Summon Lightning Spi  Summ/Air       ###.....     6%          4    ####...

Your spell library contained the following spells:

 Spells                   Type           Power        Failure   Level  Hunger
 Animate Skeleton         Necr           N/A          1%          1    None
 Infusion                 Chrm           ####         1%          1    None
 Pain                     Necr           ###.         1%          1    None
 Summon Small Mammal      Summ           ###.         1%          1    None
 Call Imp                 Summ           ###.....     1%          2    None
 Searing Ray              Conj           ###...       1%          2    None
 Call Canine Familiar     Summ           ###.....     1%          3    ##.....
 Ozocubu's Armour         Chrm/Ice       ###.....     1%          3    ##.....
 Summon Guardian Golem    Hex/Summ       ###.....     1%          3    ##.....
 Animate Dead             Necr           N/A          6%          4    ####...
 Iskenderun's Mystic Bla  Conj/Tloc      ###.....     6%          4    ####...
 Summon Ice Beast         Ice/Summ       ###.....     6%          4    ####...
 Dispersal                Tloc           ###.......   65%         6    #######
 Orb of Destruction       Conj           ###.......   99%         7    #######


Dungeon Overview and Level Annotations

Branches:
Dungeon (13/15)            Temple (1/1) D:6            Lair (6/6) D:10
  Swamp (1/4) Lair:3        Snake (0/4) Lair:3        Slime (0/5) Lair:6
    Orc (1/2) D:10         Vaults (0/5) D:13        Volcano (visited)

Altars:
Ashenzari
Cheibriados
Dithmenos
Elyvilon
Fedhas
Gozag
Hepliaklqana
Kikubaaqudgha
Makhleb
Nemelex Xobeh
Okawaru
Qazlal
Ru
Sif Muna
Trog
Uskayaw
Vehumet
Wu Jian
Xom
Yredelemnul
Zin
The Shining One
Jiyva
Lugonu

Shops:
D:8 *   D:13 *

Portals:
Trove: D:13 (give +3 gold dragon scales)

Annotations:
D:10 1 runed translucent door
Lair:4 exclusion: 2 oklob plants
Lair:6 1 runed translucent door
Orc:1 1 transporter, Jibeitoi's ghost, journeyman HOWr


Innate Abilities, Weirdness & Mutations

Your experience applies equally to all skills.
You have very sharp teeth.
Your uncanny sense of smell can sniff out nearby items.


Message History

* * * LOW HITPOINT WARNING * * *
Okay, then.
You feel yourself speed up.
The warg stops to sniff the ground.
The orc priest completely misses you.
Your lightning spire shoots out a bolt of lightning at the orc knight!
The bolt of electricity hits the orc knight!
The bolt of electricity hits the orc priest!
The bolt of electricity hits the troll!
The orc knight hits your lightning spire with a +2 war axe!
Your lightning spire is destroyed!
The orc knight hits you but does no damage.
The orc warrior hits you but does no damage.
The orc warrior hits you from afar with a +0 trident!
* * * LOW HITPOINT WARNING * * *
The orc knight shouts!
The orc priest shouts!
The orc priest calls down the wrath of Beogh upon you.
Beogh smites you!
You die...
Your body crumbles into a pile of gold.

###...........#
#.............##
..####.©.####..# ##
#####..##.###
#.![?|$...#...##
...###W..##h##...#
## .# ..#h..hh#..##
$. $.©h.##hh#..###
.#
..#.h....#.@.T##.###
.#h
.#...##...o$....#
#....#...ooh#....#
$.### #..#o.## #.##
#..........#
....#.......#.. ##
#............
##.#.....#....
#.#....#.....


You could see an orc knight, a troll, 7 wargs, 2 orc warriors and an orc priest.

Vanquished Creatures
  Jorgrun (Orc:1)
  An ogre mage (Volcano)
  Josephine (Lair:5)
  Erolcha (Orc:1)
  4 hydras
  3 catoblepae (Lair:6)
  A centaur warrior (D:13)
  An alligator (Swamp:1)
  6 two-headed ogres
  4 death yaks (Lair:6)
  A hell knight (Volcano)
  2 unseen horrors (D:12)
  2 necromancers (D:13)
  Pikel (D:9)
  4 manticores
  An ugly thing (D:13)
  5 elephants
  2 black mambas
  14 spiny frogs
  Maggie (D:8)
  3 komodo dragons
  A kobold demonologist (D:13)
  2 rime drakes (Lair:6)
  2 trolls
  2 polar bears
  3 meliai (Lair:4)
  10 blink frogs
  12 dream sheep
  11 hippogriffs
  Sigmund (D:6)
  A vampire (D:13)
  A shadow (D:12)
  3 wyverns
  5 wraiths
  3 hungry ghosts
  43 yaks
  A human (D:8)
  4 hogs (D:8)
  A steam dragon (D:12)
  2 acid dragons (D:13)
  5 soldier ants (D:10)
  A warg (Orc:1)
  22 water moccasins
  Duvessa (D:4)
  12 porcupines
  An ice beast (D:6)
  6 orc warriors
  4 sky beasts
  3 black bears
  A hornet zombie (D:9)
  2 phantoms
  4 slaves (D:9)
  12 wolves
  A necrophage (D:6)
  4 ogres
  9 centaurs
  2 big kobolds
  19 crocodiles
  14 bullfrogs
  Dowan (D:4)
  A wyvern skeleton (D:11)
  4 scorpions
  39 killer bees
  2 howler monkeys
  5 wights
  5 electric eels
  A centaur zombie (D:8)
  4 crimson imps
  3 orc priests
  9 orc wizards
  3 bullfrog skeletons
  11 hounds
  3 centaur skeletons
  3 jellies
  2 iguanas
  19 worker ants
  Natasha (thrice) (D:2)
  2 hound zombies
  2 howler monkey zombies
  2 worker ant zombies
  8 gnolls
  14 adders
  7 shadow imps
  An ooze (D:3)
  An adder skeleton (D:4)
  3 worms
  2 dart slugs
  7 leopard geckos
  48 orcs
  4 ball pythons
  3 bats
  4 giant cockroaches
  15 goblins
  2 hobgoblins (D:2)
  9 jackals
  15 kobolds
  5 quokkas
  3 frilled lizards
  A quokka skeleton (D:6)
  A quokka zombie (D:6)
  7 rats
574 creatures vanquished.

Vanquished Creatures (collateral kills)
  2 two-headed ogres
  A death yak (Lair:6)
  An orange crystal statue (D:13)
  A centaur skeleton (D:13)
  A troll (D:13)
  3 yaks (Lair:6)
  A warg (Orc:1)
  A centaur (D:13)
  A big kobold (D:11)
  2 wights (D:12)
  2 orc wizards (D:11)
  A worker ant (D:12)
  2 kobolds (D:11)
19 creatures vanquished.

Vanquished Creatures (others)
  A hound (D:10)
  An orc wizard (D:7)
  6 fungi
  7 plants
  31 spectral weapons
46 creatures vanquished.

Grand Total: 639 creatures vanquished

Notes
Turn   | Place    | Note
-------+----------+-------------------------------------------
     0 | D:1      | Kohma the Gnoll Skald began the quest for the Orb.
     0 | D:1      | Reached XP level 1. HP: 20/20 MP: 6/6
   259 | D:1      | Reached XP level 2. HP: 22/26 MP: 5/7
   278 | D:1      | Learned a level 2 spell: Song of Slaying
   281 | D:1      | Learned a level 2 spell: Shroud of Golubria
  1077 | D:2      | Reached skill level 5 in Spellcasting
  1077 | D:2      | Reached XP level 3. HP: 31/31 MP: 7/9
  1082 | D:2      | Learned a level 3 spell: Ozocubu's Armour
  1086 | D:2      | Learned a level 3 spell: Spectral Weapon
  1093 | D:2      | Noticed Natasha
  1098 | D:2      | Killed Natasha
  1098 | D:2      | Reached skill level 1 in Short Blades
  1098 | D:2      | Reached skill level 1 in Long Blades
  1098 | D:2      | Reached skill level 1 in Axes
  1098 | D:2      | Reached skill level 1 in Maces & Flails
  1098 | D:2      | Reached skill level 1 in Staves
  1098 | D:2      | Reached skill level 1 in Slings
  1098 | D:2      | Reached skill level 1 in Bows
  1098 | D:2      | Reached skill level 1 in Crossbows
  1098 | D:2      | Reached skill level 1 in Throwing
  1098 | D:2      | Reached skill level 1 in Stealth
  1098 | D:2      | Reached skill level 1 in Shields
  1098 | D:2      | Reached skill level 1 in Unarmed Combat
  1098 | D:2      | Reached skill level 1 in Invocations
  1098 | D:2      | Reached skill level 1 in Evocations
  1100 | D:2      | Reached XP level 4. HP: 28/38 MP: 11/11
  1382 | D:2      | Found a faded altar of an unknown god.
  1464 | D:2      | Found a hazy altar of Hepliaklqana.
  1547 | D:2      | Noticed Natasha
  1564 | D:2      | Killed Natasha
  1564 | D:2      | Reached skill level 1 in Conjurations
  1564 | D:2      | Reached skill level 1 in Hexes
  1564 | D:2      | Reached skill level 1 in Summonings
  1564 | D:2      | Reached skill level 1 in Necromancy
  1564 | D:2      | Reached skill level 1 in Translocations
  1564 | D:2      | Reached skill level 1 in Transmutations
  1564 | D:2      | Reached skill level 1 in Fire Magic
  1564 | D:2      | Reached skill level 1 in Ice Magic
  1564 | D:2      | Reached skill level 1 in Air Magic
  1564 | D:2      | Reached skill level 1 in Earth Magic
  1564 | D:2      | Reached skill level 1 in Poison Magic
  1695 | D:2      | Noticed Natasha
  1704 | D:2      | Killed Natasha
  1704 | D:2      | Reached XP level 5. HP: 36/43 MP: 12/12
  2150 | D:3      | Found a radiant altar of Vehumet.
  2175 | D:3      | Found a shattered altar of Ashenzari.
  2748 | D:3      | Found a bloodstained altar of Trog.
  2876 | D:3      | Reached XP level 6. HP: 50/50 MP: 13/13
  3227 | D:4      | Noticed Duvessa
  3227 | D:4      | Noticed Dowan
  3283 | D:4      | Killed Duvessa
  3283 | D:4      | Reached skill level 5 in Fighting
  3283 | D:4      | Reached skill level 5 in Polearms
  3283 | D:4      | Reached skill level 5 in Dodging
  3555 | D:4      | Killed Dowan
  3668 | D:4      | Reached XP level 7. HP: 19/56 MP: 15/15
  4859 | D:5      | Entered Level 5 of the Dungeon
  4976 | D:5      | Reached XP level 8. HP: 30/63 MP: 14/16
  5303 | D:5      | Found a stormy altar of Qazlal.
  5360 | D:5      | HP: 2/63 [poisoned by gnoll (curare-tipped dart)]
  5613 | D:5      | Found a basalt altar of Yredelemnul.
  5662 | D:5      | Found a white marble altar of Elyvilon.
  5946 | D:5      | Found an opulent altar of Gozag.
  5946 | D:5      | Found a glowing golden altar of the Shining One.
  5946 | D:5      | Found a blossoming altar of Fedhas.
  5946 | D:5      | Found a shadowy altar of Dithmenos.
  5954 | D:5      | Became a worshipper of Gozag Ym Sagoz the Greedy
  6869 | D:6      | Found a sparkling altar of Nemelex Xobeh.
  6900 | D:6      | HP: 3/64 [poisoned by a worker ant]
  6908 | D:6      | HP: 3/64 [poisoned by a worker ant]
  7189 | D:6      | Noticed Sigmund
  7215 | D:6      | Killed Sigmund
  7498 | D:6      | Found a staircase to the Ecumenical Temple.
  7511 | D:6      | Reached XP level 9. HP: 62/69 MP: 12/18
  7540 | Temple   | Entered the Ecumenical Temple
  7612 | D:6      | Found a burning altar of Makhleb.
  8433 | D:7      | Reached skill level 5 in Armour
  8901 | D:7      | Reached skill level 5 in Invocations
  9209 | D:7      | Found an ancient bone altar of Kikubaaqudgha.
  9253 | D:7      | Found a shimmering blue altar of Sif Muna.
  9466 | D:7      | Found a shimmering altar of Xom.
  9680 | D:8      | Noticed Maggie
  9694 | D:8      | Killed Maggie
  9694 | D:8      | Reached XP level 10. HP: 25/76 MP: 18/20
 10152 | D:8      | Found a snail-covered altar of Cheibriados.
 10181 | D:8      | Reached skill level 5 in Short Blades
 10181 | D:8      | Reached skill level 5 in Long Blades
 10181 | D:8      | Reached skill level 5 in Axes
 10181 | D:8      | Reached skill level 5 in Maces & Flails
 10181 | D:8      | Reached skill level 5 in Staves
 10181 | D:8      | Reached skill level 5 in Slings
 10181 | D:8      | Reached skill level 5 in Bows
 10181 | D:8      | Reached skill level 5 in Crossbows
 10181 | D:8      | Reached skill level 5 in Throwing
 10181 | D:8      | Reached skill level 5 in Stealth
 10181 | D:8      | Reached skill level 5 in Shields
 10181 | D:8      | Reached skill level 5 in Unarmed Combat
 10181 | D:8      | Reached skill level 5 in Evocations
 10194 | D:8      | Noticed a two-headed ogre
 10205 | D:8      | Killed a two-headed ogre
 10339 | D:8      | Found Wouderch's Whimsical Warehouse.
 10349 | D:8      | Bought the ring of the Duke {Wiz *Drain +Blink MR++ Str+3}
                  | for 637 gold pieces
 11174 | D:9      | Noticed Pikel
 11188 | D:9      | Killed Pikel
 11671 | D:9      | Found a hide-covered altar of Uskayaw.
 11959 | D:10     | Entered Level 10 of the Dungeon
 11963 | D:10     | Found a runed translucent door.
 11968 | D:10     | Found a runed translucent gate.
 11970 | D:10     | Found a runed translucent gate.
 11970 | D:10     | Found a runed translucent gate.
 11972 | D:10     | Found a runed translucent door.
 11991 | D:10     | Found the +9 staff of Olgreb {rPois∞}
 12021 | D:10     | Reached XP level 11. HP: 83/83 MP: 17/22
 12280 | D:10     | Found a staircase to the Orcish Mines.
 12715 | D:10     | Found a staircase to the Lair.
 12948 | D:10     | Reached skill level 5 in Conjurations
 12948 | D:10     | Reached skill level 5 in Hexes
 12948 | D:10     | Reached skill level 5 in Summonings
 12948 | D:10     | Reached skill level 5 in Necromancy
 12948 | D:10     | Reached skill level 5 in Translocations
 12948 | D:10     | Reached skill level 5 in Transmutations
 12948 | D:10     | Reached skill level 5 in Fire Magic
 12948 | D:10     | Reached skill level 5 in Ice Magic
 12948 | D:10     | Reached skill level 5 in Air Magic
 12948 | D:10     | Reached skill level 5 in Earth Magic
 12948 | D:10     | Reached skill level 5 in Poison Magic
 13203 | Lair:1   | Entered Level 1 of the Lair of Beasts
 13353 | Lair:1   | Learned a level 3 spell: Vampiric Draining
 13358 | Lair:1   | Learned a level 4 spell: Animate Dead
 13364 | Lair:1   | Learned a level 5 spell: Agony
 14213 | Lair:2   | Identified a scroll of acquirement
 14213 | Lair:2   | Identified a +0 pair of boots of running (You acquired it
                  | on level 2 of the Lair of Beasts)
 14497 | Lair:2   | Reached XP level 12. HP: 46/92 MP: 12/24
 14854 | Lair:2   | Found a dark tunnel.
 14859 | Volcano  | Entered a volcano
 14917 | Volcano  | Noticed a two-headed ogre
 14917 | Volcano  | Noticed a two-headed ogre
 14917 | Volcano  | Noticed an ogre mage
 14928 | Volcano  | Killed an ogre mage
 14934 | Volcano  | Killed a two-headed ogre
 14939 | Volcano  | Killed a two-headed ogre
 15028 | Volcano  | Got a pair of jewelled gloves
 15040 | Volcano  | Identified the +1 pair of gloves "Reseus" {-Cast rElec
                  | rC+++ SInv} (You found it in a volcano)
 15090 | Volcano  | Noticed a two-headed ogre
 15104 | Volcano  | Killed a two-headed ogre
 15193 | Volcano  | Noticed a two-headed ogre
 15219 | Volcano  | Killed a two-headed ogre
 15484 | Volcano  | Noticed a two-headed ogre
 15494 | Volcano  | Killed a two-headed ogre
 15864 | Lair:3   | Noticed a seven-headed hydra
 15890 | Lair:3   | Killed a seven-headed hydra
 16061 | Lair:3   | Found a staircase to the Snake Pit.
 16253 | Lair:3   | Reached XP level 13. HP: 100/100 MP: 26/26
 16434 | Lair:3   | Found a staircase to the Swamp.
 17306 | Lair:4   | Found a basalt altar of Yredelemnul.
 17629 | Lair:4   | Identified Sif Muna's Incunabulum of Orientation and
                  | Transmutation (You acquired it on level 4 of the Lair of
                  | Beasts)
 17629 | Lair:4   | Identified the +7 plate armour of Fortitude {rPois Dex+8}
                  | (You acquired it on level 4 of the Lair of Beasts)
 17635 | Lair:4   | Learned a level 3 spell: Ignite Poison
 17659 | Lair:4   | Learned a level 8 spell: Controlled Blink
 18102 | Lair:4   | Found a snail-covered altar of Cheibriados.
 18962 | Lair:5   | Noticed Josephine
 18988 | Lair:5   | Killed Josephine
 19829 | Lair:6   | Entered Level 6 of the Lair of Beasts
 19886 | Lair:6   | Reached skill level 10 in Spellcasting
 19902 | Lair:6   | Reached XP level 14. HP: 51/109 MP: 8/28
 20148 | Lair:6   | Got a shimmering tower shield
 20149 | Lair:6   | Identified the +3 tower shield "Jeuk" {rF+ MP+9 Dex-2
                  | Stlth+} (You found it on level 6 of the Lair of Beasts)
 20443 | Lair:6   | Found a runed translucent door.
 20443 | Lair:6   | Found a viscous altar of Jiyva.
 20444 | Lair:6   | Noticed an acid blob
 20444 | Lair:6   | Noticed an acid blob
 20445 | Lair:6   | Found a staircase to the Slime Pits.
 20445 | Lair:6   | Noticed an acid blob
 20453 | Lair:6   | Reached skill level 10 in Fighting
 20453 | Lair:6   | Reached skill level 10 in Polearms
 20453 | Lair:6   | Reached skill level 10 in Dodging
 21213 | Lair:6   | Learned a level 4 spell: Summon Lightning Spire
 21764 | Swamp:1  | Entered Level 1 of the Swamp
 21775 | Swamp:1  | HP: 2/110 [shambling mangrove (9)]
 22089 | D:11     | Reached skill level 10 in Invocations
 22212 | D:11     | Found a flickering gateway to a bazaar.
 22218 | Bazaar   | Entered a bazaar
 22218 | Bazaar   | Found Lodyf's Antique Armour Shop.
 22218 | Bazaar   | Found Symitous's Gadget Boutique.
 22224 | Bazaar   | Found Gilib's Weapon Shop.
 22239 | Bazaar   | Found Dafer's Magic Scroll Boutique.
 22271 | Bazaar   | Found Jiebeahugi's Weapon Emporium.
 22288 | Bazaar   | Bought a box of beasts for 220 gold pieces
 22288 | Bazaar   | Bought a box of beasts for 220 gold pieces
 22288 | Bazaar   | Bought a wand of acid (9) for 286 gold pieces
 22299 | Bazaar   | Bought an embroidered cloak for 157 gold pieces
 22304 | Bazaar   | Bought the +6 rapier of the Turnip {flame, rF+++ rC- Dex+5}
                  | for 496 gold pieces
 23241 | D:12     | Found a shimmering altar of Xom.
 24114 | D:13     | Found Ismeaf's Demolitions Depot.
 24614 | D:13     | Found a gate to the Vaults.
 24750 | D:13     | Got a faintly glowing robe
 24751 | D:13     | Identified the cursed +1 robe of Incorporation {rN+ Dex+3}
                  | (You found it on level 13 of the Dungeon)
 25694 | D:13     | Identified Avoty's Reference Book on Attacks
 25699 | D:13     | Got a jewelled leather armour
 25734 | D:13     | Identified the +3 leather armour "Esoann" {Str+4 Dex-5
                  | SInv} (You found it on level 13 of the Dungeon)
 25929 | D:13     | Found a portal to a secret trove of treasure.
 26013 | D:13     | Bought a manual of Evocations for 1656 gold pieces
 26013 | D:13     | Bought a manual of Conjurations for 1656 gold pieces
 26105 | Orc:1    | Entered Level 1 of the Orcish Mines
 26176 | Orc:1    | Noticed Jorgrun
 26198 | Orc:1    | Killed Jorgrun
 26198 | Orc:1    | Reached XP level 15. HP: 91/117 MP: 17/29
 26241 | Orc:1    | Learned a level 3 spell: Mephitic Cloud
 26285 | Orc:1    | Found a transporter.
 26287 | Orc:1    | Noticed Jibeitoi's ghost (journeyman HOWr)
 26289 | Orc:1    | Found the +4 Cigotuvi's embrace {rRot *Drain rN+}
 26318 | Orc:1    | Noticed Erolcha
 26331 | Orc:1    | Killed Erolcha
 26348 | Orc:1    | HP: 5/117 [orc warrior/+0 trident[an orc knight] (9)]
 26349 | Orc:1    | Killed from afar by an orc priest

Levels and vault maps discovered:
D:1:      roderic_crop_circles_arrival_small, layout_basic
D:2:      layout_loops_ring, overflow_temple_1_default,
          chequers_ecumenical_altar_island, uniq_natasha
D:3:      layout_basic, vehumet_crystals, nicolae_overflow_hidden_temple,
          cheibrodos_ashenzari_chains
D:4:      layout_basic, minmay_ogre_servants, uniq_duvessa
D:5:      layout_cave_pools, kennysheep_ying_yang,
          grunt_temple_overflow_cloverleaf, kennysheep_little_box, serial_bayou,
          serial_bayou_pond_a, serial_bayou_pond_e, serial_bayou_shore_a,
          serial_bayou_pond_c, first_ration, corexii_hall_statues_l,
          minmay_small_thing
D:6:      layout_layer_cave, lemuel_doored_altar, lemuel_crystal_altar,
          minmay_temple_entry_large_hall, uniq_sigmund
D:7:      layout_loops_cross, kiku_gazebo_pond_becter, kennysheep_mini,
          lemuel_crystal_altar, minmay_circle_x
D:8:      layout_loops_ring, grunt_livestock, nicolae_alphabet_shops,
          minmay_ruined_shrine, uniq_maggie
D:9:      layout_basic, marbit_many_paths, uniq_pikel
D:10:     layout_rooms, erik_lair_island, minmay_guarded_unrand_staff_of_olgreb
D:11:     layout_layer_cave, serial_shops, bzr_entry_safe
D:12:     layout_cave_pods, basic_altar, minmay_misc_feat_doors
D:13:     layout_small_grid, david_vaults_1, nicolae_trove_entry_columns,
          chequers_garden, chequers_jeans, nicolae_blasting_shop, minivault_15
Temple:   corrupted_temple
Lair:1:   layout_long_grid, st_stairs_6, grunt_megastairs_1
Lair:2:   layout_roguey, enter_volcano_4
Lair:3:   layout_cave_shapes, swamp_mist_pool, minmay_snake_entry_six_corridors
Lair:4:   regret_index_harrowing_hell_hive, layout_regular_city, basic_altar,
          cheibrodos_lair_caveside_slide, lemuel_centaur_altar
Lair:5:   layout_regular_city, lemuel_fruit_tree, uniq_josephine
Lair:6:   evilmike_catoblepas_cave, layout_regular_city, slime_altar_2
Swamp:1:  layout_basic_swamp, hangedman_swamp_lotus, infiniplex_staircase_pool_2
Orc:1:    layout_caves, gammafunk_ghost_berserking_beasts, minmay_orc_keep,
          uniq_jorgrun, uniq_nergalle, uniq_erolcha

Skill      XL: |  1  2  3  4  5  6  7  8  9 10 11 12 13 14 |
---------------+-------------------------------------------+-----
Spellcasting   | 5 6 7 8 9 10 | 10.7
Short Blades   | 1 2 3 4 5 6 7 8 9 |  9.5
Long Blades    | 1 2 3 4 5 6 7 8 9 |  9.5
Axes           | 1 2 3 4 5 6 7 8 9 |  9.5
Maces & Flails | 1 2 3 4 5 6 7 8 9 |  9.5
Staves         | 1 2 3 4 5 6 7 8 9 |  9.5
Slings         | 1 2 3 4 5 6 7 8 9 |  9.5
Bows           | 1 2 3 4 5 6 7 8 9 |  9.5
Crossbows      | 1 2 3 4 5 6 7 8 9 |  9.5
Throwing       | 1 2 3 4 5 6 7 8 9 |  9.5
Stealth        | 1 2 3 4 5 6 7 8 9 |  9.5
Shields        | 1 2 3 4 5 6 7 8 9 |  9.5
Unarmed Combat | 1 2 3 4 5 6 7 8 9 |  9.5
Invocations    | 1 2 3 4 5 6 7 8 9 10 | 10.3
Evocations     | 1 2 3 4 5 6 7 8 9 |  9.6
Conjurations   | 1 2 3 4 5 6 7 8 |  8.1
Hexes          | 1 2 3 4 5 6 7 8 |  8.0
Summonings     | 1 2 3 4 5 6 7 8 |  8.0
Necromancy     | 1 2 3 4 5 6 7 8 |  8.0
Translocations | 1 2 3 4 5 6 7 8 |  8.0
Transmutations | 1 2 3 4 5 6 7 8 |  8.0
Fire Magic     | 1 2 3 4 5 6 7 8 |  8.0
Ice Magic      | 1 2 3 4 5 6 7 8 |  8.0
Air Magic      | 1 2 3 4 5 6 7 8 |  8.0
Earth Magic    | 1 2 3 4 5 6 7 8 |  8.0
Poison Magic   | 1 2 3 4 5 6 7 8 |  8.0
Armour         | 3 4 5 6 7 8 9 |  9.9
Fighting       | 5 6 7 8 9 10 | 10.5
Polearms       | 5 6 7 8 9 10 | 10.5
Dodging        | 5 6 7 8 9 10 | 10.5
Charms         | 6 7 8 9 |  9.7

Action                   |  1- 3 |  4- 6 |  7- 9 | 10-12 | 13-15 || total
-------------------------+-------+-------+-------+-------+-------++-------
Melee: Spear             |    49 |    57 |    89 |   342 |       ||   537
       Bite              |     5 |    15 |    24 |   102 |   158 ||   304
       Dagger            |       |    46 |    13 |       |       ||    59
       Punch             |       |     1 |     2 |    21 |    67 ||    91
       Halberd           |       |       |   263 |    58 |       ||   321
       Staff             |       |       |       |   349 |  1037 ||  1386
 Fire: Hunting sling     |    13 |   124 |    31 |       |       ||   168
Throw: Dart              |       |       |       |    20 |     6 ||    26
 Cast: Infusion          |     3 |       |       |       |       ||     3
       Shroud of Golubri |     1 |     5 |    16 |    31 |    27 ||    80
       Spectral Weapon   |       |     5 |    31 |    57 |    38 ||   131
       Ozocubu's Armour  |       |     5 |     1 |       |       ||     6
       Song of Slaying   |       |       |     3 |    15 |    15 ||    33
       Vampiric Draining |       |       |       |     9 |    26 ||    35
       Summon Lightning  |       |       |       |       |    43 ||    43
 Abil: Evoke Blink       |       |       |       |       |     4 ||     4
Evoke: Wand              |       |       |       |     3 |       ||     3
       Staff of Olgreb   |       |       |       |       |    11 ||    11
  Use: Scroll            |       |       |    19 |    11 |    16 ||    46
       Potion            |       |       |     3 |       |     9 ||    12
 Stab: Sleeping          |       |     1 |     8 |     3 |    10 ||    22
       Distracted        |       |     1 |     5 |    10 |    16 ||    32
  Eat: Chunk             |       |     6 |     8 |       |       ||    14
       Ration            |       |     1 |     6 |     6 |    10 ||    23
Armor: Leather armour    |    10 |    57 |    22 |    22 |       ||   111
       Ring mail         |       |       |   149 |       |       ||   149
       Swamp dragon scal |       |       |       |   246 |   487 ||   733
       Scale mail        |       |       |       |       |    17 ||    17
Dodge: Dodged            |    35 |   133 |   323 |   520 |  1007 ||  2018
       Deflected         |       |       |     2 |     6 |    39 ||    47

Table legend:
 A = Non-vault XP
 B = Vault XP
 C = Vault XP percentage of total XP
 D = Non-vault monster count
 E = Vault monster count
 F = Vault count percentage of total count
                 A         B        C        D         E       F
            +---------+---------+-------+---------+---------+-------
      Total |   50939 |   36867 |  42.0 |     436 |     154 |  26.1
            +---------+---------+-------+---------+---------+-------
        D:1 |      22 |       0 |   0.0 |      14 |       0 |   0.0
        D:2 |     155 |      35 |  18.4 |      25 |       1 |   3.8
        D:3 |     146 |       0 |   0.0 |      15 |       0 |   0.0
        D:4 |     493 |     334 |  40.4 |      20 |      11 |  35.5
        D:5 |     479 |       0 |   0.0 |      26 |       0 |   0.0
        D:6 |    1221 |     238 |  16.3 |      28 |       1 |   3.4
        D:7 |    1595 |      44 |   2.7 |      30 |       2 |   6.2
        D:8 |    1510 |    1454 |  49.1 |      12 |       9 |  42.9
        D:9 |     702 |     678 |  49.1 |      19 |       2 |   9.5
       D:10 |    1310 |    2297 |  63.7 |      17 |      29 |  63.0
       D:11 |    2123 |       0 |   0.0 |      33 |       0 |   0.0
       D:12 |    3805 |       0 |   0.0 |      21 |       0 |   0.0
       D:13 |    5464 |    1876 |  25.6 |      33 |       4 |  10.8
     Lair:1 |    3134 |     815 |  20.6 |      15 |       3 |  16.7
     Lair:2 |    5591 |       0 |   0.0 |      30 |       0 |   0.0
     Lair:3 |    6057 |    2161 |  26.3 |      24 |      16 |  40.0
     Lair:4 |    3837 |    7011 |  64.6 |      17 |      43 |  71.7
     Lair:5 |    4177 |    1073 |  20.4 |      17 |       1 |   5.6
     Lair:6 |    7941 |    9256 |  53.8 |      33 |      23 |  41.1
    Swamp:1 |     764 |       0 |   0.0 |       1 |       0 |   0.0
      Orc:1 |     413 |    3323 |  88.9 |       6 |       2 |  25.0
    Volcano |       0 |    6272 | 100.0 |       0 |       7 | 100.0
            +---------+---------+-------+---------+---------+-------
